 Dungeon Crawl Stone Soup version 0.23.1 (webtiles) character file.

Game seed: 1417454630068247812

116 PentaManta the Sneak (level 5, 0/36 HPs)
             Began as a Halfling Abyssal Knight on Mar 13, 2019.
             Was a Believer of Lugonu.
             Slain by a river rat (8 damage)
             ... in a sewer.
             The game lasted 00:09:59 (2995 turns).

PentaManta the Sneak (Halfling Abyssal Knight)      Turns: 2995, Time: 00:10:00

Health: 0/36       AC:  6    Str: 14    XL:     5   Next: 21%
Magic:  6/6        EV: 11    Int: 10    God:    Lugonu [**....]
Gold:   65         SH:  0    Dex: 14    Spells: 4/4 levels left

rFire    + . .     SeeInvis .   a - +1 short sword
rCold    . . .     Gourm    .   (shield restricted)
rNeg     . . .     Faith    .   f - +0 scale mail (curse)
rPois    .         Spirit   .   (no helmet)
rElec    .         Reflect  .   (no cloak)
rCorr    .         Harm     .   (no gloves)
MR       .....                  (no boots)
Stlth    +.........             (no amulet)
HPRegen  0.12/turn              d - ring of protection from fire
MPRegen  0.10/turn              (no ring)

@: lethally poisoned (0 -> 0)
A: small, mutation resistance 1
a: Depart the Abyss, Bend Space, Renounce Religion


You were in a sewer.
You worshipped Lugonu.
Lugonu was pleased with you.
You were not hungry.

You visited 1 branch of the dungeon, and saw 3 of its levels.
You visited the Abyss 1 time.
You also visited: Sewer.

You collected 65 gold pieces.

Inventory:

Hand Weapons
 a - a +1 short sword (weapon)
 g - a +0 hunting sling
Missiles
 e - 12 stones (quivered)
Armour
 f - a cursed +0 scale mail (worn)
 o - a +0 plate armour
Jewellery
 d - a ring of protection from fire (left hand)
Scrolls
 j - a scroll of magic mapping
 s - a scroll of teleportation
Potions
 b - a potion of heal wounds {unknown}
 h - a potion of degeneration
 i - 2 potions of might
 k - 2 potions of lignification
 l - 3 potions of flight {unknown}
 m - a potion of brilliance {unknown}
 n - 2 potions of agility {unknown}
 q - a potion of berserk rage {unknown}
Comestibles
 c - 6 rations


   Skills:
 + Level 3.3 Fighting
 + Level 3.6 Short Blades
 - Level 2.1 Armour
 - Level 1.1 Dodging
 * Level 3.7 Stealth
 - Level 2.0 Invocations


You had 4 spell levels left.
You didn't know any spells.
Your spell library was empty.

Dungeon Overview and Level Annotations

Branches:
Dungeon (3/15)

Altars:
Dithmenos
Ru


Innate Abilities, Weirdness & Mutations

You are small and have problems with some larger weapons.
You are somewhat resistant to further mutation.


Message History

You feel sick.
There is an empty arch of ancient stone, spattered with blood here.
You see here a +0 leather armour.
You feel sick.
You feel sick.
You feel sick. The river rat barely misses you.
A rat comes into view.
The river rat bites you!
* * * LOW HITPOINT WARNING * * *
You hit the river rat.
The river rat is moderately wounded.
The river rat closely misses you.
You closely miss the river rat.
The river rat is moderately wounded.
You feel sick. The river rat closely misses you.
You hit the river rat.
The river rat is almost dead.
The river rat bites you!
You die...

≈≈≈≈≈≈≈≈≈≈...r...≈≈≈.≈≈≈≈≈≈≈≈≈≈≈#
.≈≈.≈≈.≈.≈.........≈....≈≈≈≈≈≈≈≈#
≈........................≈..≈≈.≈#
...††..........................))
..†..##.........................#
...#####.......##.†.........(...#
.######...##.r#####......###..###
## #∩..#####..######...## ####
##### ##.r@# ##### #####


You could see a river rat and a rat.

Vanquished Creatures
  2 adders
  A river rat (Sewer)
  2 oozes (D:1)
  2 worms (D:2)
  2 leopard geckos
  An orc (D:3)
  3 ball pythons
  3 giant cockroaches
  5 goblins (D:1)
  4 hobgoblins
  6 jackals
  A quokka (D:2)
  6 bats
  3 frilled lizards
  A giant cockroach zombie (D:2)
  15 kobolds
  20 rats
77 creatures vanquished.

Notes
Turn   | Place    | Note
-------+----------+-------------------------------------------
     0 | Abyss:1  | PentaManta the Halfling Abyssal Knight began the quest for
                  | the Orb.
     0 | Abyss:1  | Reached XP level 1. HP: 15/15 MP: 2/2
    51 | Abyss:1  | Noticed a worldbinder
    56 | D:1      | Escaped the Abyss
   121 | D:1      | Reached skill level 1 in Stealth
   126 | D:1      | Reached * piety under Lugonu
   126 | D:1      | Reached XP level 2. HP: 17/20 MP: 3/3
   249 | D:1      | Reached XP level 3. HP: 16/25 MP: 4/4
  1154 | D:2      | Reached XP level 4. HP: 15/31 MP: 5/5
  1469 | D:2      | Reached ** piety under Lugonu
  1824 | D:2      | Found a sacrificial altar of Ru.
  2311 | D:3      | Found a shadowy altar of Dithmenos.
  2330 | D:3      | Noticed an orc warrior
  2369 | D:3      | Found a glowing drain.
  2382 | Sewer    | Entered a sewer
  2814 | Sewer    | Reached XP level 5. HP: 33/36 MP: 6/6
  2995 | Sewer    | Slain by a river rat

Skill      XL: |  1  2  3  4 |
---------------+-------------+-----
Stealth        | 1 2 3 |  3.7
Short Blades   | 3 |  3.6
Fighting       | 3 |  3.3
Armour         | |  2.1
Dodging        | |  1.1
Invocations    | |  2.0

Action                   |  1- 3 |  4- 6 || total
-------------------------+-------+-------++-------
Melee: Short sword       |   102 |   137 ||   239
 Fire: Hunting sling     |       |    24 ||    24
Throw: Stone             |     1 |       ||     1
Invok: Depart the Abyss  |     1 |       ||     1
  Use: Scroll            |     4 |     7 ||    11
 Stab: Sleeping          |     3 |     1 ||     4
  Eat: Chunk             |       |     4 ||     4
       Ration            |       |     1 ||     1
Armor: Leather armour    |    13 |    42 ||    55
       Scale mail        |       |    23 ||    23
Dodge: Dodged            |    68 |   141 ||   209
